 Dungeon Crawl Stone Soup version 0.29-a0-553-g81b289d (webtiles) character file.

Game seed: 18013375086030078577

543 Illumine the Bolt Thrower (level 7, 0/55 HPs)
             Began as a Minotaur Hunter on June 7, 2022.
             Was a Follower of Hepliaklqana.
             Engulfed by a steam dragon's steam (10 damage)
             ... on level 6 of the Dungeon.
             The game lasted 00:06:39 (3322 turns).

Illumine the Bolt Thrower (Minotaur Hunter)         Turns: 3322, Time: 00:06:40

Health: 0/55       AC:  4    Str: 15    XL:     7   Next: 6%
Magic:  0/6        EV: 16    Int:  6    God:    Hepliaklqana [*.....]
Gold:   195        SH:  0    Dex: 16    Spells: 6/6 levels left

rFire   . . .      SeeInvis .   a - +2 hand crossbow
rCold   . . .      Faith    .   (no shield)
rNeg    . . .      Spirit   +   b - +0 leather armour
rPois   .          Reflect  .   (helmet restricted)
rElec   .          Harm     .   (no cloak)
rCorr   .          Rampage  .   m - +0 pair of gloves
Will    .....                   (no boots)
Stlth   +.........              l - amulet of guardian spirit
HPRegen 0.18/turn               k - +4 ring of evasion
MPRegen 0.10/turn               (no ring)

@: no status effects
A: reduced essence, horns 2, retaliatory headbutt
a: Renounce Religion, Recall Ancestor, Ancestor Identity


You were on level 6 of the Dungeon.
You worshipped Hepliaklqana.
Hepliaklqana was aware of your devotion.
You visited 2 branches of the dungeon, and saw 7 of its levels.

You collected 195 gold pieces.

Inventory:

Hand Weapons
 a - a +2 hand crossbow (weapon)
Missiles
 q - 7 poisoned darts
Armour
 b - a +0 leather armour (worn)
 m - a +0 pair of gloves (worn)
Jewellery
 k - a +4 ring of evasion (left hand)
 l - an amulet of guardian spirit (around neck)
Wands
 n - a wand of digging (5)
Scrolls
 c - 4 scrolls of immolation
 e - a scroll of summoning
 h - a scroll of poison {unknown}
 i - 4 scrolls of enchant weapon
 j - 2 scrolls of enchant armour {unknown}
 s - a scroll of teleportation
 t - a scroll of noise {unknown}
 u - a scroll of blinking
Potions
 d - a potion of mutation {unknown}
 f - a potion of attraction {unknown}
 g - 2 potions of cancellation {unknown}
 p - 2 potions of heal wounds {unknown}
 r - a potion of resistance {unknown}


   Skills:
 + Level 5.8 Fighting
 + Level 7.8 Crossbows
 + Level 2.7 Dodging
 - Level 0.7 Stealth


You had 6 spell levels left.
You didn't know any spells.
Your spell library contained the following spells:

 Spells                   Type           Power      Damage    Failure   Level
 Foxfire                  Conj/Fire      0%         2x1d4     52%         1
 Conjure Flame            Conj/Fire      0%         6-21      88%         3
 Inner Flame              Hex/Fire       0%         N/A       88%         3
 Flame Wave               Conj/Fire      0%         2d4       99%         4
 Olgreb's Toxic Radiance  Pois           0%         N/A       99%         4
 Ozocubu's Refrigeration  Ice            0%         4d5       100%        7
 Ignition                 Fire           0%         3d3       100%        8


Dungeon Overview and Level Annotations

Branches:
Dungeon (6/15)             Temple (1/1) D:5

Altars:
Ashenzari
Cheibriados
Dithmenos
Elyvilon
Fedhas
Gozag
Hepliaklqana
Makhleb
Nemelex Xobeh
Qazlal
Ru
Sif Muna
Trog
Uskayaw
Vehumet
Wu Jian
Xom
Yredelemnul
Zin
The Shining One

Annotations:
D:4 Duvessa


Innate Abilities, Weirdness & Mutations

Your life essence is reduced to manifest your ancestor. (-10% HP)
You have a pair of horns on your head.
You reflexively headbutt those who attack you in melee.


Message History

Aim: a steam dragon (heavily wounded, catching its breath, ally target, 68% to hit)
You shoot a bolt. Servia avoids your attack.
The bolt hits the steam dragon.
The steam dragon is heavily wounded.
Servia hits the steam dragon but does no damage.
The steam dragon bites Servia but does no damage.
The steam dragon claws Servia.
Servia is destroyed!
The steam dragon hisses angrily.
Shoot: a) +2 hand crossbow
Press: ? - help, Q - select action, (/) - cycle Shift-Dir - straight line, f/p - steam dragon
Aim: a steam dragon (heavily wounded, 68% to hit)
You shoot a bolt.
The bolt barely misses the steam dragon.
Unknown command.
Shoot: a) +2 hand crossbow
Press: ? - help, Q - select action, (/) - cycle Shift-Dir - straight line, f/p - steam dragon
Aim: a steam dragon (heavily wounded, 68% to hit)
You shoot a bolt. The bolt hits the steam dragon.
The steam dragon is heavily wounded.
The steam dragon breathes steam at you. The ball of steam hits you!!
Shoot: a) +2 hand crossbow
Press: ? - help, Q - select action, (/) - cycle Shift-Dir - straight line, f/p - steam dragon
Aim: a steam dragon (heavily wounded, 68% to hit)
You shoot a bolt.
The bolt completely misses the steam dragon.
You are engulfed in a cloud of scalding steam.
The steam dragon bites you. The steam dragon misses you. x3
The steam dragon attacks as you move away!
The steam dragon barely misses you. The steam dragon claws you.
The steam dragon breathes steam at you. The ball of steam hits you!
* * * LOW HITPOINT WARNING * * *
Shoot: a) +2 hand crossbow
Press: ? - help, Q - select action, (/) - cycle Shift-Dir - straight line, f/p - steam dragon
Aim: a steam dragon (heavily wounded, catching its breath, 68% to hit)
You shoot a bolt. The bolt hits the steam dragon.
The steam dragon is severely wounded.
You are engulfed in a cloud of scalding steam.
You die...

####.#......# #
#.......###)# .#
#.#####.# #.# .##
# #.# #.# ...##
#..##.####....##
#...............
#..##.#.D.....#
........#§##.#..#
####.####@# # #.#
#§# #.# #.# #.#
#.. ###


You could see a steam dragon (catching breath).

Vanquished Creatures
  An ogre (D:5)
  A scorpion (D:5)
  Dowan (D:4)
  An orc priest (D:4)
  2 hounds
  2 iguanas (D:5)
  2 orc wizards (D:4)
  A gnoll (D:1)
  5 adders
  3 ufetubi (D:5)
  3 worms
  A dart slug (D:3)
  8 orcs
  4 endoplasms
  4 giant cockroaches
  7 goblins
  2 hobgoblins (D:4)
  8 kobolds
  2 quokkas
  8 ball pythons
  A frilled lizard (D:3)
  7 rats
74 creatures vanquished.

Vanquished Creatures (collateral kills)
  3 orcs (D:6)
3 creatures vanquished.

Vanquished Creatures (others)
  An ancestor (D:6)
  2 plants (D:5)
3 creatures vanquished.

Grand Total: 80 creatures vanquished

Notes
Turn   | Place    | Note
-------+----------+-------------------------------------------
     0 | D:1      | Illumine the Minotaur Hunter began the quest for the Orb.
     0 | D:1      | Reached XP level 1. HP: 18/18 MP: 0/0
     1 | D:1      | Found a faded altar of an unknown god.
   151 | D:1      | Reached skill level 5 in Crossbows
   151 | D:1      | Reached XP level 2. HP: 25/25 MP: 1/1
  1022 | D:2      | Reached XP level 3. HP: 30/30 MP: 2/2
  1110 | D:3      | Found a radiant altar of Vehumet.
  1173 | D:3      | Found a broken altar of Ashenzari.
  1645 | D:4      | Reached skill level 6 in Crossbows
  1706 | D:4      | Reached XP level 4. HP: 10/37 MP: 1/3
  1998 | D:4      | Reached XP level 5. HP: 45/45 MP: 4/4
  2006 | D:5      | Entered Level 5 of the Dungeon
  2332 | D:4      | Noticed Dowan
  2333 | D:4      | Noticed Duvessa
  2371 | D:4      | Killed Dowan
  2372 | D:4      | Reached skill level 7 in Crossbows
  2372 | D:4      | Reached XP level 6. HP: 40/53 MP: 5/5
  2473 | D:5      | Reached skill level 5 in Fighting
  2620 | D:5      | Found a staircase to the Ecumenical Temple.
  2641 | Temple   | Entered the Ecumenical Temple
  2649 | Temple   | Became a worshipper of Hepliaklqana the Forgotten
  2989 | D:5      | Reached XP level 7. HP: 62/62 MP: 6/6
  3267 | D:6      | Reached * piety under Hepliaklqana
  3313 | D:6      | Noticed a steam dragon
  3322 | D:6      | Engulfed by a steam dragon's steam

Illustrated notes

Levels and vault maps discovered:
D:1:      saegor_arrival_simple_a, layout_loops_ring,
          chequers_ecumenical_altar_simple_redux
D:2:      kb_forest_paths, layout_basic, minmay_tree_intersection, uniq_natasha
D:3:      layout_rooms, grunt_temple_overflow_open
D:4:      layout_cave_pools, gup_sewer_entry_bowl, kennysheep_generic_room_4,
          uniq_duvessa
D:5:      layout_cave_pools, minmay_temple_entry_gardened_gates
D:6:      layout_loops_corners, tgw_kikubaaqudgha
Temple:   nicolae_temple_no_exploring_needed

Skill      XL: |  1  2  3  4  5  6 |
---------------+-------------------+-----
Crossbows      | 5 6 7 |  7.8
Fighting       | 3 4 5 |  5.8
Dodging        | |  2.7
Stealth        | |  0.7

Action                   |  1- 3 |  4- 6 |  7- 9 || total
-------------------------+-------+-------+-------++-------
 Fire: Hand crossbow     |   127 |   121 |    19 ||   267
  Use: Scroll            |       |     3 |     1 ||     4
Armor: Leather armour    |     6 |     6 |     2 ||    14
Dodge: Dodged            |    26 |    67 |     7 ||   100

Table legend: (Time is in decaauts)
 A = Elapsed time spent in this place.
 B = Non-inter-level travel time spent in this place.
 C = Inter-level travel time spent in this place.
 D = Time resting spent in this place.
 E = Time spent auto-exploring this place.
 F = Levels seen in this place.
 G = Mean time per level.
                   A        B        C        D        E       F      G
               +--------+--------+--------+--------+--------+-----+--------+
         Total |   3382 |   3185 |    197 |    571 |   1854 |   7 |  483.1 |
       Dungeon |   3365 |   3175 |    190 |    571 |   1854 |   6 |  560.8 |
        Temple |     16 |      9 |      7 |      0 |      0 |   1 |   16.0 |
               +--------+--------+--------+--------+--------+-----+--------+

Top non-repeatable levels by time:
     D:4: 958 daAuts
     D:1: 920 daAuts
     D:5: 655 daAuts
     D:3: 615 daAuts
     D:2: 153 daAuts
     D:6: 62 daAuts
  Temple: 16 daAuts
